AoeStats
← facufrances1

Arabia

509779899Analyzed
1v1 RM · 3d ago on Sep 28, 2026· 45m 54s· 2 players
Game mode
Random Map
Map size
Tiny (2 player)
Population
200
Speed
Normal
Resources
Standard
Victory
Conquest
Starting age
Dark Age
Ending age
Imperial Age
RankedLock teamsTeams togetherTeam positionsShared explorationLock speedFull tech treeHidden civsTurbo modeCheats
Victory
Defeat
🇦🇷 Goths · Argentina
993
+15
🇦🇷 Celts · Argentina
965
-15
facufrances1
8:12 Loom
10:28 Feudal Age
11:22 Double-Bit Axe
20:11 Castle Age
17:58 Man-at-Arms
18:57 Scale Mail Armor
18:50 Horse Collar
20:28 Crossbowman
20:55 Long Swordsman
22:03 Bow Saw
23:22 Forging
23:07 Gambesons
23:49 Chain Mail Armor
24:46 Fletching
27:33 Wheelbarrow
28:42 Town Watch
28:53 Arson
30:16 Town Patrol
31:13 Hand Cart
31:55 Heavy Plow
32:47 Gold Mining
38:02 Imperial Age
36:01 Stone Mining
38:45 Iron Casting
38:17 Gold Mining
38:19 Two-Handed Swordsman
40:24 Plate Mail Armor
40:55 Blast Furnace
39:55 Champion
41:12 Bodkin Arrow
42:06 Conscription
SR WAITINHO
0:59 Loom
10:56 Feudal Age
12:53 Man-at-Arms
18:00 Castle Age
16:05 Double-Bit Axe
17:37 Horse Collar
17:51 Gold Mining
17:52 Stone Mining
19:12 Forging
19:02 Scale Mail Armor
21:54 Wheelbarrow
20:47 Long Swordsman
21:28 Squires
22:08 Heavy Plow
26:49 Town Watch
28:07 Iron Casting
27:47 Chain Mail Armor
31:55 Pikeman
37:12 Imperial Age
35:36 Chain Mail Armor
36:19 Stone Shaft Mining
36:01 Bow Saw
36:39 Anarchy
37:30 Hand Cart
37:16 Town Patrol
39:26 Blast Furnace
40:55 Conscription
40:06 Sappers
44:39 Halberdier
Connection lost

Rejoining the realm…

Still unreachable

The connection could not be restored.

Session expired

The server has moved on; the page needs a fresh start.